Cogmind - Beta 16 @@@ ROGUE MODE // 2026.01.03 @ 19:46:49 Player: cromly Result: Destroyed self with Rocket Launcher Performance ------------- Evolutions (1) 500 Regions Visited (2) 400 Robots Destroyed (11) 55 Value Destroyed (381) 381 Prototype IDs (0) 0 Alien Tech Used (0) 0 Bonus (0) 0 TOTAL SCORE: 1336 Bonus ------- None Cogmind --------- Core Integrity 0/400 Matter 246/300 Energy 70/100 System Corruption 0% Temperature Cool (0) Movement Core (500) Ox9 Location -9/Materials Parts ------- > --- POWER (1) -------- (None) > --- PROPULSION (4) --- (None) > --- UTILITY (2) ------ Large Storage Unit Signal Interpreter > --- WEAPON (2) ------- Rocket Launcher Rocket Launcher > --- INVENTORY (15) --- Ion Engine Ion Engine Ion Engine Light Ion Engine Improved Heat Sink Machine Analyzer Hardlight Generator Peak State ------------ > --- POWER ------------ Improved Ion Engine > --- PROPULSION ------- Aluminum Leg Aluminum Leg Aluminum Leg Aluminum Leg > --- UTILITY ---------- Large Storage Unit Signal Interpreter > --- WEAPON ----------- Assault Rifle Heavy Assault Rifle > --- INVENTORY -------- Ion Engine Ion Engine Ion Engine Light Ion Engine Light Nuclear Core Improved Heat Sink Machine Analyzer Hardlight Generator Salvaging Laser Salvaging Laser Rocket Launcher Rocket Launcher Rocket Launcher [Rating: 13] Favorites ----------- Power Ion Engine Engine Ion Engine Power Core Light Nuclear Core Propulsion Light Treads Treads Light Treads Leg Aluminum Leg Utility Signal Interpreter Storage Large Storage Unit Processor Signal Interpreter Weapon Salvaging Laser Energy Gun Salvaging Laser Ballistic Gun Assault Rifle Launcher Rocket Launcher Build | -11 -10 -9 ------- Run | Yrd Mat Mat Slots Evolved 2 | . . 2 Power . | . . . Propulsion 2 | . . 2 Utility . | . . . Weapon . | . . . Parts Attached 21 | 6 2 13 Power 4 | 1 . 3 Engine 3 | 1 . 2 Core 1 | . . 1 Reactor . | . . . Propulsion 6 | 2 . 4 Treads 2 | 2 . . Leg 4 | . . 4 Wheel . | . . . Hover . | . . . Flight . | . . . Utility 3 | 1 2 . Device . | . . . Storage 2 | 1 1 . Processor 1 | . 1 . Hackware . | . . . Protection . | . . . Artifact . | . . . Weapon 8 | 2 . 6 Energy Gun 3 | 1 . 2 Energy Cannon . | . . . Ballistic Gun 2 | 1 . 1 Ballistic Cannon . | . . . Launcher 3 | . . 3 Special Weapon . | . . . Impact Weapon . | . . . Slashing Weapon . | . . . Piercing Weapon . | . . . Special Melee Weapon . | . . . Unidentified Prototypes . | . . . Parts Lost 9 | . . 9 Power 2 | . . 2 Propulsion 3 | . . 3 Utility . | . . . Weapon 4 | . . 4 Highest Loss Streak 5 | . . 5 To Critical Strikes . | . . . Average Backups 9 | 3 9 10 Power 3 | . 3 4 Propulsion 1 | 2 3 . Utility 1 | . . 2 Weapon 2 | . 2 3 Tool/Special . | . . . Unused Backups 10 | . . 10 Power 2 | . . 2 Propulsion 4 | . . 4 Utility 3 | . . 3 Weapon 1 | . . 1 Tool/Special . | . . . Average Slot Usage (%) 76 | . 97 69 Engine 7 | . 14 4 Core 3 | . . 5 Treads 10 | . 28 4 Leg 8 | . . 11 Storage 11 | . 14 11 Processor 11 | . 11 11 Energy Gun 11 | . 14 11 Ballistic Gun 10 | . 14 9 Peak Build Rating 13 | 6 8 13 Average Rating 8 | 4 7 9 On Entrance 4 | . 6 8 Avg Prop Armor Cover (%) 16 | . . 16 Naked Turns . | . . . Heaviest Build 32 | 14 29 32 Greatest Support 40 | 40 40 40 Greatest Overweight (x) 8 | 3 . 8 Average Overweight (x) 1 | . . 2 Largest Inventory Capacity 15 | 8 15 15 Average Capacity 14 | 7 13 15 Most Carried 15 | 6 12 15 Average Carried 9 | 4 9 10 Final Capacity 15 | 8 15 15 Final Carried 12 | 5 12 7 Class Distribution -------------------- 77% | Mutant 22% | Scavenger-Mutant Dominant Class ---------------- Mutant | -10/Materials Mutant | -9/Materials Resources | -11 -10 -9 ----------- Run | Yrd Mat Mat Matter Collected 500 | 205 90 205 Remotely . | . . . Salvage Created 407 | . 73 334 Parts 22 | . 5 17 Haulers Intercepted . | . . . Recyclers Shooed . | . . . Parts Field Recycled . | . . . Retrieved Matter . | . . . Parts Self-Destructed . | . . . Prevented . | . . . Parts Restored . | . . . Kills | -11 -10 -9 ------- Run | Yrd Mat Mat Combat Hostiles Destroyed 11 | . 3 8 Guns 9 | . 2 7 AOE 2 | . 1 1 Classes Destroyed 3 | . 2 1 Swarmer 2 | . 2 . Grunt 7 | . 1 6 Sentry 2 | . . 2 Best Kill Streak 3 | . 2 3 Combat Bots Only 3 | . 2 3 Max Kills in Single Turn 1 | . 1 1 Gunslinging . | . . . Exploded 1 | . 1 1 Melee . | . . . Uniques/NPCs Destroyed . | . . . Combat | -11 -10 -9 -------- Run | Yrd Mat Mat Hostile Shots Fired 137 | . 34 103 Missed 36 | . 9 27 Hits 101 | . 25 76 Projectile 101 | . 25 76 Critical Strikes 2 | . . 2 Damage Taken 1472 | . 266 1206 Core 475 | . 61 414 Absorbed by Shields . | . . . Core Remaining (%) 87 | 100 75 . Volleys Fired 42 | . 10 32 Largest 2 | . 2 2 Hottest 66 | . 60 66 Shots Fired 64 | . 20 44 Gun 58 | . 20 38 Cannon . | . . . Launcher 6 | . . 6 Special . | . . . Kinetic 41 | . 10 31 Thermal 7 | . . 7 Explosive 6 | . . 6 Electromagnetic 10 | . 10 . Robot Hit Streak 6 | . 4 6 Robot Miss Streak 5 | . 5 3 Penetration Max . | . . . Secondary Targets . | . . . Shots Hit Robots 35 | . 10 25 Core Hits 17 | . 5 12 Critical Kills . | . . . Critical Parts Destroyed . | . . . Critical Strikes . | . . . Melee Attacks . | . . . Impact . | . . . Slashing . | . . . Piercing . | . . . Sneak Attacks . | . . . Combat Hostiles . | . . . Follow-up Attacks . | . . . Damage Inflicted 670 | . 253 417 Guns 407 | . 126 281 Cannons . | . . . Explosions 263 | . 127 136 Melee . | . . . Ramming . | . . . Kinetic 273 | . 36 237 Thermal 171 | . 127 44 Explosive 136 | . . 136 Electromagnetic 90 | . 90 . Impact . | . . . Slashing . | . . . Piercing . | . . . Highest Corruption . | . . . Average Corruption . | . . . Corruption Purged . | . . . Corruption Blocked . | . . . Overload Shots . | . . . Overflow Damage . | . . . Projectiles . | . . . Explosions . | . . . Melee . | . . . Knockbacks . | . . . Impact . | . . . Kinetic . | . . . Secondary . | . . . Self-Inflicted Damage 240 | . . 240 Shots 5 | . . 5 Rammed . | . . . Targets Rammed . | . . . Kicked . | . . . Crushed . | . . . Highest Temperature 24 | . 24 24 Average Temperature 12 | . 15 10 Received Heat Transfer 549 | . 72 477 Siege Activations . | . . . Martial Activations . | . . . Shielding Activations . | . . . Robots Disrupted . | . . . Combat Hostiles . | . . . Robots Corrupted . | . . . Combat Hostiles . | . . . Parts Fried . | . . . Impact Corruptions . | . . . Robots Melted . | . . . Combat Hostiles . | . . . Parts Melted . | . . . Heat Transferred 325 | . 200 125 Parts Sabotaged . | . . . Parts Stolen . | . . . Parts Stripped . | . . . Power Chain Reactions 2 | . 2 . Alert | -11 -10 -9 ------- Run | Yrd Mat Mat Maximum Alert Level . | . . . Low Security (%) 100 | 100 100 100 Level 1 . | . . . Level 2 . | . . . Level 3 . | . . . Level 4 . | . . . Level 5 . | . . . High Security . | . . . Max Security . | . . . Peak Influence 78 | . 53 78 Initial 10 | . . 10 Average 15 | . 11 18 Influence Increases 333 | . 75 258 Destroy 0b10 Robot/C 220 | . 60 160 Destroy Leader 50 | . 10 40 Successful Hack 10 | . . 10 Disable Machine 30 | . . 30 Destroy Structure 23 | . 5 18 Influence Decreases 333 | . 50 283 Entered New Map 15 | . . 15 Time Decay 278 | . 50 228 Lost Part 40 | . . 40 Squads Dispatched 2 | . . 2 Investigation . | . . . Extermination . | . . . Reinforcement 2 | . . 2 Assault . | . . . Garrison . | . . . Intercept . | . . . Searches Triggered . | . . . Construction Impeded . | . . . Haulers Reinforced . | . . . Active Scanning Responses . | . . . Cargo Convoy Interrupts . | . . . Stealth | -11 -10 -9 --------- Run | Yrd Mat Mat Distress Signals 1 | . . 1 Communications Jammed . | . . . Distress Signals . | . . . Times Spotted 19 | . 7 12 Peak Tracking Total 3 | . 3 3 Tactical Retreats . | . . . Traps | -11 -10 -9 ------- Run | Yrd Mat Mat Traps Triggered 3 | . 1 2 Indirectly . | . . . Trap Hack Attempts . | . . . Triggered . | . . . Disarmed . | . . . Reprogrammed . | . . . Reused . | . . . Traps Extracted . | . . . Installed . | . . . Triggered . | . . . Machines | -11 -10 -9 ---------- Run | Yrd Mat Mat Machines Disabled 2 | . . 2 Max in Single Turn 1 | . . 1 Machines Repaired . | . . . Machines Dismantled . | . . . Machines Sabotaged . | . . . Overloaded Fab Kills . | . . . Hacking | -11 -10 -9 --------- Run | Yrd Mat Mat Machines Accessed 3 | . . 3 Terminals 2 | . . 2 Fabricators . | . . . Repair Stations . | . . . Recycling Units 1 | . . 1 Scanalyzers . | . . . Garrison Access . | . . . Total Hacks 6 | . . 6 Successful 3 | . . 3 Failed 3 | . . 3 Catastrophic . | . . . Database Lockouts . | . . . Manual . | . . . Terminals 5 | . . 5 Fabricators . | . . . Repair Stations . | . . . Recycling Units 1 | . . 1 Scanalyzers . | . . . Garrison Access . | . . . Terminal Hacks 2 | . . 2 Record 2 | . . 2 Fabricator Hacks . | . . . Repair Station Hacks . | . . . Recycling Unit Hacks 1 | . . 1 Report Inventory 1 | . . 1 Scanalyzer . | . . . Garrison Access Hacks . | . . . Unauthorized Hacks . | . . . Terminals . | . . . Fabricators . | . . . Repair Stations . | . . . Recycling Units . | . . . Scanalyzers . | . . . Garrison Access . | . . . Data Cores Recovered . | . . . Used . | . . . Hacking Detections 1 | . . 1 Full Trace Events . | . . . Feedback Events . | . . . Feedback Blocked . | . . . Robot Schematics Acquired . | . . . Robots Built . | . . . Authchips . | . . . Time . | . . . Total Robot Build Rating . | . . . Part Schematics Acquired . | . . . Parts Built . | . . . Authchips . | . . . Time . | . . . Total Part Build Rating . | . . . Part Studies Acquired . | . . . Parts Repaired . | . . . Time . | . . . Parts Recycled . | . . . Recycled Matter . | . . . Retrieved Matter . | . . . Retrieved Components . | . . . Parts Scanalyzed . | . . . Part Schematics Acquired . | . . . Parts Damaged . | . . . Bothacking | -11 -10 -9 ------------ Run | Yrd Mat Mat Used RIF Installer . | . . . Robots Hacked . | . . . Non-combat . | . . . Combat . | . . . Robot Hacks Applied . | . . . Relay Couplers Released . | . . . Fabnet Peak Effective % . | . . . Robots Rewired . | . . . Allies Hacked . | . . . Hacks Repelled . | . . . Allies | -11 -10 -9 -------- Run | Yrd Mat Mat Total Allies . | . . . Largest Group . | . . . Highest-Rated Group . | . . . Highest-Rated Ally . | . . . Total Orders . | . . . Ally Attacks . | . . . Total Damage . | . . . Kills . | . . . Allies Corrupted . | . . . Allies Melted . | . . . Intel | -11 -10 -9 ------- Run | Yrd Mat Mat Active Infowar (turns) . | . . . Robot Analysis Total . | . . . Derelict Logs Recovered . | . . . Drone Launches . | . . . Drone Recoveries . | . . . Exploration | -11 -10 -9 ------------- Run | Yrd Mat Mat Turns Passed 1250 | 90 299 861 Spaces Moved 539 | 48 162 329 Core 88 | 13 . 75 Treads 269 | 35 162 72 Legs 182 | . . 182 Wheels . | . . . Hover . | . . . Flight . | . . . Fastest Speed 50 | 50 160 120 Average Speed 198 | 159 160 223 Slowest Speed 450 | 200 160 450 Overloaded Moves . | . . . Propulsion Burnouts . | . . . Robots Hopped . | . . . Potential Cave-ins . | . . . Cave-ins Triggered . | . . . Exploration Rate (%) 23 | 5 40 25 Regions Visited 2 Branch Regions . Pre-discovered Areas . | . . . Known Exits Taken 1 | . 1 . Unknown Exits Taken 1 | 1 . . Scrap Searched . | . . . Spaces Dug . | . . . Terrain Destroyed 20 | . 5 15 Melee . | . . . Projectile . | . . . AOE 20 | . 5 15 Terrain Rammed . | . . . Walls Destroyed . | . . . Machines Disabled . | . . . Actions | -11 -10 -9 --------- Run | Yrd Mat Mat Total 657 | 59 181 417 Wait 29 | . . 29 Move 537 | 47 161 329 Hop . | . . . Pick Up 19 | 6 7 6 Fast Attach 11 | 5 2 4 Attach 7 | 1 . 6 Detach . | . . . Swap 3 | . . 3 Drop 9 | . 1 8 Fire 42 | . 10 32 Melee . | . . . Ram . | . . . Kick . | . . . Crush . | . . . Escape Stasis . | . . . Rewire . | . . . Trap . | . . . Miscellaneous . | . . . Route ------- -11/Scrapyard -10/Materials (discovered 3 exits: *Mat / [*Min x2]) -9/Materials History --------- Turn | Location | Event 29 | -11/Scrapyard | Discovered new exit (range 15) 91 | -11/Scrapyard | Entered Materials 92 | -10/Materials | Met a group of wandering Federalists 117 | -10/Materials | Discovered new exit (range 7) 185 | -10/Materials | Discovered new exit (range 14) 205 | -10/Materials | Lost 4 allies 315 | -10/Materials | Build established: Mutant 366 | -10/Materials | Discovered new exit (range 15) 388 | -10/Materials | Identified exit to Materials 390 | -10/Materials | Entered another Materials area 390 | -9/Materials | Evolved 2 slots: Propulsion x2 783 | -9/Materials | Core integrity fell below 50% 819 | -9/Materials | Lost 5 parts (1p2n2w) 1210 | -9/Materials | Core integrity fell below 20% 1251 | -9/Materials | Destroyed self with Rocket Launcher Last Messages --------------- 00889_ K-01 Serf collects debris. 00890_ U-05 Engineer lays Concrete. 00894_ K-01 Serf collects debris. 00895_ U-05 Engineer builds a Wall. 00899_ U-05 Engineer lays Concrete. 00902_ U-05 Engineer builds a Wall. 00906_ U-05 Engineer lays Concrete. 00909_ U-05 Engineer builds a Wall. 00909_ Aluminum Leg destroyed. 00913_ U-05 Engineer lays Concrete. 00916_ U-05 Engineer builds a Wall. 00920_ U-05 Engineer lays Concrete. 00943_ G-34 Mercenary destroyed. 00945_ Acquired 43 matter. 00946_ K-01 Serf collects debris. 00973_ R-06 Scavenger collects Sml. Laser. 00977_ R-06 Scavenger collects Heat Sink. 01200_ Salvaging Laser destroyed. 01227_ Lgt. Nuclear Core destroyed. 01231_ Salvaging Laser destroyed. Map ----- +----------------------------------------------------+ | ??????????????? T ???????????????????? | | ???????????????? ????????????????????? | | ???????????????? ????????????????????? | | ????????????????# #########????????????? | | ????????????????# ## #????????????? | | ????????????????# ## #????????????? | | ????????????????# ## = #????????????? | | ????????????????# ##=== #????????????? | | ????????????????# ## [[ #????????????? | | ????#####??????## ## #????????????? | | ????#!! ######## ###+###########?????? | | ????#!! [ #?????? | | ????#! [ = T %! #?????? | | ????#!! %== #?????? | | ????#! ####+### ###+######+#######??? | | ????#!! ## ####### # #??? | | ????###### ! #?????# ""# #??? | | ?????????#] #?????# ""# #??? | | ?????????# #?????# T"# """ #??? | | ?????????# !#?????# ""# """"" #??? | | ?????????# ] #?????# # """"" #??? | | ?????????# ############## """"" #??? | | ?????????# # + #?# """ #??? | | ?????????# # ## """ #?###########??? | | ?????????# # ## """ #??????????????? | | ?????????# + ## """@#??????????????? | | ?????????# ! # ## g #??????######### | | ????????######## #####+########### # | | ????????# + ## """"" # | | ????????# """ # ######## ## """"" # | | ????????# """ # ######## ## """"" # | | ????????# """ !+% + """ # # """"" # | | ????????# """ #+####### """ # + """"" # | | ????????# # ## """ + # """"" # | | ????????######## ""## # # """"" # | | ???????????????# Y"## # # # | | ??????????????# ==/ ""## / !# # # | | ??????????????##=// ######### # # | | ???????????????#=// #???????# ######### | | ???????????##################?# #???????? | | ???????????# # ### #???????? | | ???????????# + #???????? | | ???????????# # [ #???????? | | ???????????# """ """ # #### #???????? | | ???????????# """ """ ## #???# #???????? | | ???????????# """ """ ## #####+#######?? | | ???????????# ## # #?? | | ???????????#####+###### # # #?? | | ?????????????### ###### # # #?? | | ????????????## # #?? | +----------------------------------------------------+ Best States ------------- Heat Dissipation 28 Energy Generation 14 Energy Capacity 265 Matter Stores 300 Matter Capacity 300 Sight Range 16 Terrain Scan Density 10 Evasion (%) 55 Recoil Reduction 2 Item Schematics ----------------- None Robot Schematics ------------------ None Fabricated ------------ Nothing Repaired ---------- Nothing Studied --------- None Alien Tech Used ----------------- None Achievements -------------- None Challenges ------------ None Game ------ Seed SiegeAdvancedCompressor Manual? 0 Play Time 00:12:46 Cumulative 14.2 hours Start 2026.01.03 @ 19:05:52 End 2026.01.03 @ 19:46:49 Sessions 1 Manual Loads 0 Difficulty Rogue Special Mode None Game No. 26 Rogue 26 Adventurer 0 Explorer 0 Win Type - Total 0 Types 0/0/0/0/0/0/0/0/0/0 Lore% 8 Gallery% 15 Achievement% 12 Wizard Run 0 Options --------- Layout 1 ASCII 0 Keyboard 0 Movement Mouse Keybinds 0 Fullscreen 2 Font 48/Smallcaps Map View 50x35 Zoom Use 0% Tactical HUD 1 Map Filters NONE Filters NONE Steam 1 RUN: 06df5ec9-33d8-404c-b7f0-fa54eaec6772